 Dungeon Crawl Stone Soup version 0.28.0-47-ge53b351184 (webtiles) character file.

Game seed: 3158566026484695700

99 Bruhh the Magician (level 5, 0/37 HPs)
             Began as a Djinni Transmuter on Apr 27, 2022.
             Slain by a quokka (3 damage)
             ... on level 3 of the Dungeon.
             The game lasted 00:05:08 (4226 turns).

Bruhh the Magician (Djinni Transmuter)              Turns: 4226, Time: 00:05:08

Health: 0/37       AC:  2    Str:  9    XL:     5   Next: 2%
Gold:   74         EV: 12    Int: 16    God:
                   SH:  0    Dex: 14

rFire   + + .      SeeInvis .     - Unarmed
rCold   x . .      Faith    .   (no shield)
rNeg    . . .      Spirit   .   a - +0 robe
rPois   ∞          Reflect  .   (no helmet)
rElec   .          Harm     .   (no cloak)
rCorr   .          Rampage  .   (no gloves)
Will    .....                   (boots unavailable)
Stlth   +.........              (no amulet)
HPRegen 0.12/turn               (no ring)
MPRegen 0.00/turn               (no ring)

@: flying
A: sickness immunity, fire resistance 2, cold vulnerability 1, float, innate
caster, HP casting, extra vitality 1
a: no special abilities


You were on level 3 of the Dungeon.
You visited 1 branch of the dungeon, and saw 3 of its levels.

You collected 74 gold pieces.

Inventory:

Armour
 a - a +0 robe (worn)
Jewellery
 b - a +6 ring of strength
 c - a ring of protection from cold
Wands
 j - a wand of paralysis (7)
Scrolls
 f - a scroll of silence {unknown}
 g - a scroll of vulnerability {unknown}
 i - 3 scrolls of identify {unknown}
Potions
 d - a potion of flight {unknown}
 e - a potion of brilliance {unknown}
 h - a potion of lignification {unknown}
 k - a potion of ambrosia {unknown}


   Skills:
 - Level 1.0 Fighting
 - Level 2.1 Dodging
 - Level 3.0 Unarmed Combat
 + Level 3.6 Spellcasting


You couldn't memorise any spells.
You knew the following spells:

 Your Spells              Type           Power      Damage    Failure   Level
a - Beastly Appendage     Tmut           28%        N/A       3%          1
b - Wereblood             Tmut           14%        N/A       6%          2
c - Spider Form           Tmut/Pois      14%        N/A       12%         3
d - Ice Form              Ice/Tmut       14%        N/A       36%         4
e - Animate Skeleton      Necr           28%        N/A       3%          1
f - Static Discharge      Conj/Air       14%        N/A       6%          2
Your spell library was empty.

Dungeon Overview and Level Annotations

Branches:
Dungeon (3/15)

Altars:


Innate Abilities, Weirdness & Mutations

You are immune to sickness and miasma.
You are immune to poison.
Your flesh is very heat resistant. (rF++)
You are vulnerable to cold. (rC-)
You float through the air rather than walking.
You learn spells naturally, not from books.
Your magical power is your life essence.
You have superior vitality. (+4 MHP)


Message History

You hit the adder.
The adder is poisoned.
The adder is heavily wounded.
The adder closely misses you. The rat closely misses you. The adder bites you.
* * * LOW HITPOINT WARNING * * *
The rat bites you but does no damage.
You kill the adder!
You have reached level 5!
The power to cast Static Discharge wells up from within.
Spell assigned to 'f'.
The bat misses you.
You barely miss the bat. The bat barely misses you. The rat misses you.
You barely miss the rat. The rat completely misses you.
The bat hits you but does no damage. The bat hits you.
* * * LOW HITPOINT WARNING * * *
The bat closely misses you.
You hit the bat.
You kill the bat!
The rat bites you but does no damage.
You hit the rat but do no damage.
The rat is poisoned.
The quokka completely misses you. The rat misses you.
The quokka closely misses you.
A dart slug comes into view.
The rat twitches its whiskers.
Found a book of Spatial Translocations.
You kill the rat!
The quokka bites you but does no damage.
The gnoll completely misses you.
Your transformation is almost over.
The quokka closely misses you. The quokka barely misses you.
Your transformation has ended.
Your +0 robe unmelds from your body.
The quokka barely misses you.
There is an open door here.
The quokka bites you.
* * * LOW HITPOINT WARNING * * *
The quokka barely misses you. The quokka bites you.
You die...

##'#'########## #.............#
########.............#
+##########.....##.............##
..#.......#.....##...............
..#.......#..........>...........
#.'.......###.####g.......[......
..#.######.......r...............
###......#.##.#.@................
###.####.#.##.#)##.....)...).....
....# #.#.##.#.############.....
##### #.#.##..).................
# #.#.###..............##... #
#.#.###..............##... #
#.......)............#####
##########..................#
#...........................#


You could see a gnoll and a quokka.

Vanquished Creatures
  2 gnolls (D:3)
  An adder (D:3)
  3 dart slugs
  4 orcs (D:3)
  6 ball pythons
  4 bats
  6 endoplasms
  3 giant cockroaches
  2 goblins
  5 hobgoblins
  2 jackals
  A quokka (D:1)
  3 frilled lizards
  7 kobolds
  6 rats
55 creatures vanquished.

Notes
Turn   | Place    | Note
-------+----------+-------------------------------------------
     0 | D:1      | Bruhh the Djinni Transmuter began the quest for the Orb.
     0 | D:1      | Reached XP level 1. HP: 17/17 MP: 0/0
    99 | D:1      | Reached XP level 2. HP: 14/22 MP: 0/0
   602 | D:1      | Reached XP level 3. HP: 11/27 MP: 0/0
   602 | D:1      | Learned a level 1 spell: Animate Skeleton
  2725 | D:2      | Reached XP level 4. HP: 28/32 MP: 0/0
  2930 | D:2      | Found a faded altar of an unknown god.
  4189 | D:3      | HP: 1/32 [adder (3)]
  4192 | D:3      | Reached XP level 5. HP: 1/37 MP: 0/0
  4192 | D:3      | Learned a level 2 spell: Static Discharge
  4195 | D:3      | HP: 1/37 [bat (1)]
  4226 | D:3      | Slain by a quokka

Illustrated notes

Levels and vault maps discovered:
D:1:      minmay_arrival_checkered_box, layout_rooms, corner_web_ring,
          corexii_hall_statues_i, serial_park_tiny_1, minmay_crystal_room,
          chequers_serial_rivers_micro_d, minmay_door_square,
          kennysheep_another_room
D:2:      layout_basic, basic_ecumenical_altar, hex_tiny,
          minmay_misc_feat_four_crosses, minmay_misc_feat_secret_circle
D:3:      layout_basic, kennysheep_generic_room_14

Skill      XL: |  1  2  3 |
---------------+----------+-----
Spellcasting   | 2 3 |  3.6
Fighting       | |  1.0
Dodging        | |  2.1
Unarmed Combat | |  3.0

Action                   |  1- 3 |  4- 6 || total
-------------------------+-------+-------++-------
Melee: Unarmed           |   143 |    58 ||   201
       Headbutt          |    18 |     3 ||    21
       Punch             |     2 |     1 ||     3
 Cast: Beastly Appendage |    20 |     3 ||    23
       Spider Form       |     3 |     5 ||     8
       Wereblood         |       |     1 ||     1
 Stab: Sleeping          |     2 |       ||     2
Armor: Robe              |    25 |     1 ||    26
       Skin              |       |     9 ||     9
Dodge: Dodged            |   118 |    64 ||   182
